 Dungeon Crawl Stone Soup version 0.17-a0-1920-gafa4d75 (webtiles) character file.

3525 graki42 the Blocker (level 9, 81/81 HPs)
             Began as a Minotaur Fighter on Sept 27, 2015.
             Was an Elder of Okawaru.
             Quit the game on level 8 of the Dungeon.
             The game lasted 00:21:41 (6440 turns).

graki42 the Blocker (Minotaur Fighter)              Turns: 6440, Time: 00:21:41

Health: 81/81      AC: 11    Str: 25    XL:     9   Next: 81%
Magic:  8/8        EV:  9    Int:  5    God:    Okawaru [****..]
Gold:   711        SH: 13    Dex:  9    Spells: 0 memorised, 8 levels left

rFire  . . .     SeeInvis .     a - +1 war axe
rCold  . . .     Clarity  .     z - +0 chain mail
rNeg   + . .     SustAt   .     c - +1 shield
rPois  .         Gourm    +     (helmet restricted)
rElec  .         Spirit   .     (no cloak)
rCorr  .         Warding  .     (no gloves)
rMut   .         Stasis   .     (no boots)
MR     .....                    H - amulet of the gourmand
Stlth  ..........               F - ring of positive energy (curse)
                                M - ring of loudness (curse)

@: not resistant to hostile enchantments, extremely unstealthy
A: retaliatory headbutt, horns 2
a: Heroism, Renounce Religion


You were on level 8 of the Dungeon.
You worshipped Okawaru.
Okawaru was greatly pleased with you.
You were not hungry.

You visited 2 branches of the dungeon, and saw 9 of its levels.
You also visited: Sewer.

You collected 711 gold pieces.

Inventory:

Hand weapons
 a - a +1 war axe (weapon)
Armour
 c - a +1 shield (worn)
 z - a +0 chain mail (worn)
Jewellery
 s - an uncursed ring of sustain attributes
 F - a cursed ring of positive energy (right hand)
 H - an amulet of the gourmand (around neck)
 M - a cursed ring of loudness (left hand)
Magical devices
 j - a wand of confusion (20)
 u - a wand of digging (20)
 x - a wand of digging (19)
 y - a wand of heal wounds (0)
 D - a wand of random effects (17)
 G - a wand of disintegration (11)
 K - a wand of heal wounds (4)
Scrolls
 E - 2 scrolls of identify
 J - a scroll of teleportation
Potions
 b - a potion of degeneration {unknown}
 d - a potion of might
 f - 3 potions of haste {unknown}
 h - a potion of lignification {unknown}
 l - 5 potions of curing {unknown}
 n - a potion of magic {unknown}
 o - a potion of cure mutation {unknown}
 p - a potion of ambrosia
 r - 2 potions of invisibility {unknown}
 w - 2 potions of agility {unknown}
 A - a potion of mutation {unknown}
 I - a potion of berserk rage {unknown}
Books
 g - Vehumet's Handbook of Arcane Weapons
   (You found it on level 6 of the Dungeon)

   Spells                             Type                      Level
   a - Magic Dart                     Conjuration                  1
 i - Kikubaaqudgha's Reference Book on Sinister Rites
   (You found it on level 6 of the Dungeon)

   Spells                             Type                      Level
   a - Pain                           Necromancy                   1
 v - Sif Muna's Catalogue of Creation
   (You found it on level 6 of the Dungeon)

   Spells                             Type                      Level
   a - Summon Butterflies             Summoning                    1
Comestibles
 e - 11 bread rations
 k - a royal jelly
 m - a beef jerky
 q - 3 meat rations
 t - 6 fruits
 B - 2 slices of pizza


   Skills:
 * Level 8.0 Fighting
 * Level 8.6 Axes
 * Level 8.6 Armour
 + Level 4.3 Dodging
 - Level 0.1 Stealth
 * Level 9.5 Shields
 + Level 0.6 Invocations


You had 8 spell levels left.
You didn't know any spells.

Dungeon Overview and Level Annotations

Branches:
Dungeon (8/15)             Temple (1/1) D:4
   Lair: D:8-11

Altars:
Ashenzari
Fedhas
Gozag
Kikubaaqudgha
Makhleb
Nemelex Xobeh
Okawaru
Qazlal
Sif Muna
Vehumet
Xom
Yredelemnul
Zin
The Shining One

Shops:
D:4 }


Innate Abilities, Weirdness & Mutations

You reflexively headbutt those who attack you in melee.
You have a pair of horns on your head.


Message History

What kind of item would you like to acquire? (\ to view known items)
Something appears at your feet!
You see here a glowing glaive.
Read which item? (? for menu, Esc to quit)
As you read the scroll of acquirement, it crumbles to dust.
This is a scroll of acquirement! [a] Weapon [b] Armour [c] Jewellery [d] Book [e] Staff [f] Wand [g] Miscellaneous [h] Food [i] Gold [j] Ammunition What kind of item would you like to acquire? (\ to view known items)
Something appears at your feet!
You see here a runed shortbow.
Read which item? (? for menu, Esc to quit)
As you read the scroll of acquirement, it crumbles to dust.
This is a scroll of acquirement! [a] Weapon [b] Armour [c] Jewellery [d] Book [e] Staff [f] Wand [g] Miscellaneous [h] Food [i] Gold [j] Ammunition What kind of item would you like to acquire? (\ to view known items)
Something appears at your feet!
You see here a glowing long sword.
Are you sure you want to abandon this character and quit the game? (Confirm with "yes".)

################ ................
................ ...............
#............... #.............#
######............(#
....##..........@))#
...(##.............# ####
....##.............# #...
....##.............###########.##
....##.............#.........#.##
....''.............'(........#.##
....##.............#.........#...
....###################..###.(..#
....######....##########.###....#


There were no monsters in sight!

Vanquished Creatures
  A spriggan (D:7)
  A hippogriff (D:8)
  The ghost of mcbry74 the Sneak, an average KoAs (D:3)
  A water moccasin (D:7)
  2 ice beasts
  A necrophage (D:7)
  An orc warrior (D:7)
  A sky beast (D:7)
  5 ogres
  4 giant frogs
  3 big kobolds (Sewer)
  5 scorpions
  5 killer bees (D:8)
  4 wights (D:8)
  3 hounds
  A centaur zombie (D:5)
  A gnoll shaman (D:8)
  2 crimson imps
  An iguana (D:8)
  A centaur skeleton (D:5)
  5 orc priests
  Ijyb (D:2)
  3 orc wizards
  9 worker ants
  3 gnolls (D:8)
  11 adders
  2 river rats (D:5)
  2 shadow imps
  2 oozes
  3 worms
  14 orcs
  11 giant cockroaches
  5 goblins
  5 hobgoblins
  15 jackals
  11 kobolds
  A quokka (D:4)
  3 ball pythons
  9 bats
  6 giant geckos
  2 giant newts
  A quokka skeleton (D:4)
  15 rats
  A butterfly (D:7)
184 creatures vanquished.

Notes
Turn   | Place    | Note
--------------------------------------------------------------
     0 | D:1      | graki42 the Minotaur Fighter began the quest for the Orb.
     0 | D:1      | Reached XP level 1. HP: 19/19 MP: 0/0
   195 | D:1      | Reached XP level 2. HP: 24/27 MP: 1/1
   255 | D:1      | Reached skill level 4 in Shields
   684 | D:2      | Reached XP level 3. HP: 33/33 MP: 2/2
   762 | D:2      | Found a shattered altar of Ashenzari.
   766 | D:2      | Noticed Ijyb
   777 | D:2      | Killed Ijyb
   901 | D:2      | Reached XP level 4. HP: 37/40 MP: 3/3
  1292 | D:3      | Reached skill level 5 in Shields
  1326 | D:3      | Reached XP level 5. HP: 37/47 MP: 4/4
  1342 | D:3      | Found a stormy altar of Qazlal.
  1342 | D:3      | Found a basalt altar of Yredelemnul.
  1346 | D:3      | Noticed mcbry74's ghost (average KoAs)
  1370 | D:3      | Killed mcbry74's ghost
  1370 | D:3      | Reached skill level 1 in Dodging
  1370 | D:3      | Reached XP level 6. HP: 41/53 MP: 5/5
  1379 | D:3      | Found a shimmering altar of Xom.
  1711 | D:4      | Reached skill level 5 in Armour
  1831 | D:4      | Reached skill level 6 in Shields
  1834 | D:4      | Found Amiyrchat's Gadget Shoppe.
  1890 | D:4      | Found a staircase to the Ecumenical Temple.
  1904 | Temple   | Entered the Ecumenical Temple
  1917 | Temple   | Became a worshipper of Warmaster Okawaru
  2167 | D:5      | Entered Level 5 of the Dungeon
  2299 | D:5      | Found a glowing drain.
  2314 | Sewer    | Entered a sewer
  2318 | Sewer    | Reached XP level 7. HP: 39/60 MP: 6/6
  2336 | Sewer    | Reached skill level 5 in Fighting
  2595 | D:5      | Reached skill level 5 in Axes
  2651 | D:5      | Acquired Okawaru's first power
  3135 | D:5      | Reached skill level 7 in Shields
  3135 | D:5      | Reached XP level 8. HP: 70/70 MP: 7/7
  3343 | D:6      | Found an ancient bone altar of Kikubaaqudgha.
  3345 | D:6      | Found a radiant altar of Vehumet.
  3345 | D:6      | Found a deep blue altar of Sif Muna.
  3350 | D:6      | Identified Vehumet's Handbook of Arcane Weapons
  3357 | D:6      | Identified Kikubaaqudgha's Reference Book on Sinister Rites
  3364 | D:6      | Identified Sif Muna's Catalogue of Creation
  3527 | D:6      | Found an opulent altar of Gozag.
  5045 | D:7      | Found a runed door.
  5058 | D:7      | Found a runed door.
  5176 | D:7      | Reached XP level 9. HP: 58/76 MP: 8/8
  5330 | D:8      | Reached skill level 8 in Shields
  5891 | D:8      | Reached skill level 9 in Shields
  6429 | D:8      | Identified 3 scrolls of acquirement
  6440 | D:8      | Quit the game

Vault maps used:
D:1:      matt_arrival_grand_opening, minmay_misc_feat_room
D:2:      old_standard_altar, uniq_iyjb
D:3:      gammafunk_temple_overflow_forgotten, first_bread
D:4:      minmay_temple_entry_junction, serial_shops, shop
D:5:      portal_sewer_entry_e, kennysheep_generic_room_10
D:6:      grunt_temple_overflow_magic_moments, grunt_gozag_breadcrumbs
D:7:      lemuel_insect_pit, the_bakery
D:8:      hangedman_decor_clover_reticule
Temple:   water_room_temple_b_12
Sewer:    sewer_kobold_necro_badplayer

Action                   |  1- 3 |  4- 6 |  7- 9 || total
-------------------------+-------+-------+-------++-------
Melee: War axe           |    76 |   157 |   379 ||   612
Invok: Heroism           |       |       |     1 ||     1
Evoke: Wand              |       |       |     2 ||     2
  Use: Scroll            |       |     8 |     6 ||    14
  Eat: Chunk             |       |     5 |    12 ||    17
       Fruit             |       |       |     2 ||     2
